 Dungeon Crawl Stone Soup version 0.30.0-5-g1a98f26d00 (webtiles) character file.

Game seed: 7921243842265157894

32 freelancePsychic the Conjurer (level 3, -2/26 HPs)
             Began as a Demonspawn Conjurer on May 8, 2023.
             Slain by a gnoll
             ... wielding a +3 whip of venom
              (4 damage)
             ... on level 1 of the Dungeon.
             The game lasted 00:01:17 (727 turns).

freelancePsychic the Conjurer (Demonspawn Conjurer)  Turns: 727, Time: 00:01:18

Health: -2/26      AC:  5    Str:  7    XL:     3   Next: 10%
Magic:  0/6        EV: 12    Int: 21    God:
Gold:   45         SH:  0    Dex: 11    Spells: 5/6 levels left

rFire   . . .        f - +0 short sword
rCold   . . .        (no shield)
rNeg    . . .        a - +0 robe
rPois   .            (no helmet)
rElec   .            h - +2 cloak
rCorr   .            (no gloves)
SInv    .            (no boots)
Will    .....        (no amulet)
Stlth   ++           g - ring of flight
HPRegen 0.24/turn    (no ring)
MPRegen 0.10/turn

%: no passive effects
@: lethally poisoned (-2 -> -14), flying
A: demonic guardian 1
a: no special abilities


You were on level 1 of the Dungeon.
You visited 1 branch of the dungeon, and saw 2 of its levels.

You collected 45 gold pieces.

Inventory:

Hand Weapons
 f - a +0 short sword (weapon)
Armour
 a - a +0 robe (worn)
 h - a +2 cloak (worn)
Jewellery
 g - a ring of flight (left hand)
Scrolls
 d - a scroll of identify {unknown}
Potions
 b - a potion of magic
 c - a potion of ambrosia {unknown}
 e - a potion of degeneration {unknown}
 i - a potion of heal wounds {unknown}
 j - a potion of brilliance {unknown}


   Skills:
 + Level 1.1 Fighting
 - Level 1.7 Dodging
 + Level 2.2 Stealth
 - Level 2.0 Spellcasting
 * Level 4.5 Conjurations


You had 5 spell levels left.
You knew the following spells:

 Your Spells              Type           Power      Damage    Failure   Level
a - Magic Dart            Conj           84%        1d7       2%          1

Your spell library contained the following spells:

 Spells                   Type           Power      Damage    Failure   Level
 Searing Ray              Conj           42%        2d6       3%          2
 Dazzling Flash           Conj/Hex       22%        N/A       17%         3
 Cigotuvi's Dreadful Rot  Necr/Pois/Air  4%         N/A       22%         2
 Fulminant Prism          Conj/Hex       5%         3d7       50%         4
 Iskenderun's Mystic Bla  Conj/Tloc      11%        2d4       50%         4
 Dispel Undead            Necr           2%         3d7       82%         4
 Death Channel            Necr           1%         N/A       100%        6


Dungeon Overview and Level Annotations

Branches:
Dungeon (2/15)

Altars:


Innate Abilities, Weirdness & Mutations

A weak demonic guardian rushes to your aid.


Message History

Press: ? - help, Shift-Dir - straight line, f/p - adder
Aim: an adder (almost dead, 100% to hit)
The magic dart hits the adder.
You kill the adder!
You feel sick.
You have reached level 3!
Your experience leads to an increase in your attributes!
Increase (S)trength, (I)ntelligence, or (D)exterity?
You feel clever. x2
You feel sick.
You are no longer poisoned.
There is a stone staircase leading up here.
The gnoll hits you with a +3 whip of venom.
A demonic guardian appears!
You are poisoned.
You fly upwards.
You feel very sick.
There is a stone staircase leading down here.
Casting: Magic Dart (safe; 2% risk of failure)
Confirm with . or Enter, or press ? or * to list all spells.
Aiming: Magic Dart (safe; 2% risk of failure)
Press: ? - help, Shift-Dir - straight line, f - gnoll
Aim: a gnoll, wielding a +3 whip of venom (100% to hit)
The magic dart hits the gnoll.
The gnoll is moderately wounded.
You feel sick.
The gnoll hits you with a +3 whip of venom.
* * * LOW HITPOINT WARNING * * *
You are lethally poisoned!
Casting: Magic Dart (safe; 2% risk of failure)
Confirm with . or Enter, or press ? or * to list all spells.
Aiming: Magic Dart (safe; 2% risk of failure)
Press: ? - help, Shift-Dir - straight line, f/p - gnoll
Aim: a gnoll, wielding a +3 whip of venom (moderately wounded, 100% to hit)
The magic dart hits the gnoll but does no damage.
The gnoll is moderately wounded.
* * * LOW HITPOINT WARNING * * *
You feel very sick.
The gnoll hits you with a +3 whip of venom.
You die...

#...######
#.........
#...####.#
#######...# #..
###.......#.# ###.
##.....###...###...
##......#......(....
#.......#...........
#..@.......###...###
#.g........#<......#
#..........#.......#
#.......#...........
##......#......#....
##.....#...........
##.##....#.......#
##.##....#......>#
#..##....###...###


You could see a gnoll.

Vanquished Creatures
  An adder (D:2)
  3 dart slugs (D:1)
  2 bats (D:1)
  A giant cockroach (D:1)
  3 hobgoblins (D:1)
  3 ball pythons (D:1)
  2 goblins (D:1)
  4 kobolds (D:1)
19 creatures vanquished.

Notes
Turn   | Place    | Note
-------+----------+-------------------------------------------
     0 | D:1      | freelancePsychic the Demonspawn Conjurer began the quest
                  | for the Orb.
     0 | D:1      | Reached XP level 1. HP: 13/13 MP: 3/3
   244 | D:1      | Gained mutation: A weak demonic guardian rushes to your
                  | aid. [demonic ancestry]
   244 | D:1      | Reached XP level 2. HP: 7/20 MP: 5/5
   491 | D:1      | Reached skill level 1 in Fighting
   722 | D:2      | Reached XP level 3. HP: 16/26 MP: 1/6
   727 | D:1      | Slain by a gnoll

Illustrated notes

Levels and vault maps discovered:
D:1:      minmay_arrival_open_corners, layout_rooms, minmay_misc_feat_columns,
          grunt_decor_resistance
D:2:      layout_loops_ring, nrook_mini_backslash, uniq_crazy_yiuf_cottage,
          uniq_robin

Skill      XL: |  1  2 |
---------------+-------+-----
Stealth        | 2 |  2.2
Fighting       | 1 |  1.1
Dodging        | |  1.7
Spellcasting   | |  2.0
Conjurations   | |  4.5

Action                     || total
---------------------------++-------
  Melee: Short sword       ||    51
         Punch             ||     1
   Cast: Magic Dart        ||    21
    Use: Scroll            ||     1
   Stab: Sleeping          ||     2
 Armour: Robe              ||    23
  Dodge: Dodged            ||    40
